 Dungeon Crawl Stone Soup version 0.28-a0-1447-ga5a8893891 (webtiles) character file.

Game seed: 16704504667576194838

29996 dolemite99 the Cleaver (level 13, -2/95 HPs)
             Began as a Demonspawn Fighter on Jan 12, 2022.
             Was a Believer of Ashenzari.
             Slain by an eight-headed hydra (12 damage)
             ... on level 3 of the Lair of Beasts.
             The game lasted 00:26:57 (19319 turns).

dolemite99 the Cleaver (Demonspawn Fighter)        Turns: 19319, Time: 00:26:57

Health: -2/95      AC: 16    Str: 26    XL:     13   Next: 18%
Magic:  13/13      EV:  8    Int: 12    God:    Ashenzari [**....]
Gold:   1565       SH: 13    Dex: 16    Spells: 12/12 levels left

rFire   . . .      SeeInvis +   b - +5 hunting sling of Expedience {freeze, rC+}
rCold   + . .      Faith    .   J - +2 kite shield
rNeg    . . .      Spirit   .   n - +0 plate armour
rPois   .          Reflect  .   z - +0 hat "Secrets of the Sky" {Evo, Cun} (curse)
rElec   .          Harm     .   (no cloak)
rCorr   .          Rampage  .   (no gloves)
Will    .....                   (no boots)
Stlth   ..........              Y - amulet of the acrobat
HPRegen 0.25/turn               e - ring of Ashenzari's Scepticism {Str+6, Melee, Cun} (curse)
MPRegen 0.13/turn               r - ring of Apeoromancy {AC+4, Melee, Cun} (curse)

@: no status effects
A: thin skeletal structure 2, powered by death 1, demonic magic 2, demonic touch
1
a: Renounce Religion, Curse Item, Shatter the Chains


You were on level 3 of the Lair of Beasts.
You worshipped Ashenzari.
Ashenzari was pleased with you.
You visited 3 branches of the dungeon, and saw 16 of its levels.
You also visited: Sewer and Ossuary.

You collected 1565 gold pieces.

Inventory:

Hand Weapons
 a - a +4 hand axe of electrocution
 b - the +5 hunting sling of Expedience (weapon) {freeze, rC+}
   (You found it on level 7 of the Dungeon)

   Any ammunition fired from it freezes those it strikes, dealing additional
   cold damage.
   It can also slow down cold-blooded creatures.
   rC:        It protects you from cold.
Missiles
 f - 4 silver javelins
 g - 23 sling bullets (quivered ammo)
 E - 501 stones
 F - 90 poisoned darts
 K - 7 boomerangs
Armour
 n - a +0 plate armour (worn)
 z - the cursed +0 hat "Secrets of the Sky" (worn) {Evo, Cun}
   (You found it on level 4 of the Dungeon)

   It has a curse which improves the following skills: Evocations: Evocations.
   Cunning:   Dodging and Stealth.
 J - a +2 kite shield (worn)
Magical Staves
 I - a staff of air
Jewellery
 d - a +4 ring of evasion
 e - the cursed ring of Ashenzari's Scepticism (left hand) {Str+6, Melee, Cun}
   (You found it on level 5 of the Dungeon)

   [ring of strength]

   Str:       It affects your strength (+6).
   It has a curse which improves the following skills: Melee Combat: Short
   Blades, Long Blades, Axes, Maces & Flails, Polearms, Staves and Unarmed
   Combat.
   Cunning:   Dodging and Stealth.
 r - the cursed ring of Apeoromancy (right hand) {AC+4, Melee, Cun}
   (You found it on level 7 of the Dungeon)

   [ring of protection]

   AC:        It affects your AC (+4).
   It has a curse which improves the following skills: Melee Combat: Short
   Blades, Long Blades, Axes, Maces & Flails, Polearms, Staves and Unarmed
   Combat.
   Cunning:   Dodging and Stealth.
 v - a ring of protection from cold
 H - a +4 ring of evasion
 P - a +6 ring of strength
 S - an amulet of guardian spirit
 Y - an amulet of the acrobat (around neck)
Wands
 k - a wand of iceblast (10)
 m - a wand of acid (5)
 p - a wand of mindburst (7)
 C - a wand of charming (1)
 D - a wand of flame (41)
 U - a wand of digging (5)
Scrolls
 h - a scroll of enchant weapon
 j - a scroll of torment
 w - 6 scrolls of amnesia
 x - 3 scrolls of brand weapon
 y - a scroll of silence
 M - 5 scrolls of magic mapping
 N - 3 scrolls of teleportation
Potions
 c - a potion of cancellation
 i - 2 potions of flight
 l - 4 potions of brilliance
 o - a potion of haste
 s - 6 potions of curing
 u - a potion of might
 A - a potion of ambrosia
 T - a potion of invisibility
 V - a potion of lignification
 X - a potion of heal wounds
Miscellaneous
 Q - a tin of tremorstones (1/2)
 W - a phial of floods


   Skills:
 + Level 6.6 Fighting
 - Level 13.1(14.9) Axes
 - Level 8.9 Slings
 + Level 6.4 Armour
 - Level 2.8(4.9) Dodging
 - Level 9.1 Shields
 - Level 7.1(8.4) Evocations


You had 12 spell levels left.
You didn't know any spells.
Your spell library contained the following spells:

 Spells                   Type           Power      Damage    Failure   Level
 Foxfire                  Conj/Fire      0%         2x1d4     100%        1
 Magic Dart               Conj           0%         1d3       100%        1
 Sandblast                Erth           0%         2d4       100%        1
 Shock                    Conj/Air       0%         1d3       100%        1
 Call Imp                 Summ           0%         N/A       100%        2
 Passwall                 Tmut/Erth      0%         N/A       100%        2
 Searing Ray              Conj           0%         2d4       100%        2
 Conjure Flame            Conj/Fire      0%         6-21      100%        3
 Ignite Poison            Fire/Tmut/Pois 0%         N/A       100%        3
 Inner Flame              Hex/Fire       0%         N/A       100%        3
 Mephitic Cloud           Conj/Pois/Air  0%         N/A       100%        3
 Ozocubu's Armour         Ice            0%         N/A       100%        3
 Stone Arrow              Conj/Erth      0%         3d7       100%        3
 Swiftness                Air            0%         N/A       100%        3
 Airstrike                Air            0%         N/A       100%        4
 Flame Wave               Conj/Fire      0%         2d4       100%        4
 Fulminant Prism          Conj/Hex       0%         3d6       100%        4
 Olgreb's Toxic Radiance  Pois           0%         N/A       100%        4
 Summon Lightning Spire   Summ/Air       0%         N/A       100%        4
 Freezing Cloud           Conj/Ice/Air   0%         6-21      100%        5
 Metabolic Englaciation   Hex/Ice        0%         N/A       100%        5
 Simulacrum               Ice/Necr       0%         N/A       100%        6
 Malign Gateway           Summ/Tloc      0%         N/A       100%        7
 Ozocubu's Refrigeration  Ice            0%         4d5       100%        7
 Storm Form               Tmut/Air       0%         N/A       100%        7
 Ignition                 Fire           0%         3d3       100%        8
 Maxwell's Capacitive Co  Air            0%         ∞         100%        8
 Summon Horrible Things   Summ           0%         N/A       100%        8


Dungeon Overview and Level Annotations

Branches:
Dungeon (12/15)            Temple (1/1) D:7            Lair (3/6) D:8
 Spider (0/4) Lair:2          Orc (0/2) D:11          Sewer (visited)
Ossuary (visited)
  Swamp: Lair:2-4    Shoals: Lair:2-4     Snake: Lair:2-4

Altars:
Ashenzari
Cheibriados
Dithmenos
Elyvilon
Fedhas
Gozag
Hepliaklqana
Kikubaaqudgha
Makhleb
Nemelex Xobeh
Okawaru
Qazlal
Ru
Sif Muna
Trog
Uskayaw
Vehumet
Wu Jian
Xom
Yredelemnul
Zin
The Shining One
Beogh

Annotations:
D:3 2 transporters, awesomeguy42's ghost, amateur HuNe
D:11 3 runed translucent doors


Innate Abilities, Weirdness & Mutations

You have a moderately thin skeletal structure. (Dex +4, Stealth++)
You regenerate a little health from kills.
Spells you cast may paralyse nearby enemies.
Your touch may inflict minor irresistible damage on your foes.


Message History

The eight-headed hydra bites you!
You block the eight-headed hydra's attack.
The eight-headed hydra bites you but does no damage.
Fire: 26 sling bullets
Press: ? - help, Q - select action, (/) - cycle Shift-Dir - straight line, f/p - eight-headed hydra
Aim: an eight-headed hydra (lightly wounded, slow, 84% to hit)
You shoot a sling bullet.
The sling bullet barely misses the eight-headed hydra.
The sling bullet misses the water moccasin.
The eight-headed hydra is no longer moving slowly.
Fire: 25 sling bullets
Press: ? - help, Q - select action, (/) - cycle Shift-Dir - straight line, f/p - eight-headed hydra
Aim: an eight-headed hydra (lightly wounded, 84% to hit)
You shoot a sling bullet.
The sling bullet barely misses the eight-headed hydra.
The sling bullet hits the water moccasin.
The water moccasin seems to slow down.
The sling bullet freezes the water moccasin.
The water moccasin is severely wounded.
You block the eight-headed hydra's attack.
The eight-headed hydra bites you but does no damage. x2
The eight-headed hydra bites you! x2
The eight-headed hydra bites you but does no damage. x2
The eight-headed hydra bites you!
Fire: 24 sling bullets
Press: ? - help, Q - select action, (/) - cycle Shift-Dir - straight line, f/p - eight-headed hydra
Aim: an eight-headed hydra (84% to hit)
You shoot a sling bullet.
The sling bullet hits the eight-headed hydra.
The sling bullet freezes the eight-headed hydra.
The eight-headed hydra is lightly wounded.
The eight-headed hydra bites you. x2
* * * LOW HITPOINT WARNING * * *
The eight-headed hydra bites you!
* * * LOW HITPOINT WARNING * * *
The eight-headed hydra bites you!
* * * LOW HITPOINT WARNING * * *
The eight-headed hydra bites you but does no damage. x2
The eight-headed hydra bites you!
You die...

.#..........#.#..####.##.........
.............(.####..............
...............####..............
#######..##.##..##..........#...#
## #...###..####....(....##.#. .#
##...# #..# #...........#### .#
###...## ##.# ##..........# *,
####.P...# #P.###.............
[........# #..>@DS.............,
#.####P### #.#.####.####.#...#.,
### ### ##.## ### ##.###** ## #


You could see an eight-headed hydra and a water moccasin (slow).

Vanquished Creatures
  3 hydras
  6 two-headed ogres
  A tengu warrior (D:10)
  An ugly thing (D:12)
  2 cyclopes
  A black mamba (Lair:3)
  A gargoyle (D:10)
  10 cane toads
  3 kobold demonologists (D:10)
  4 komodo dragons
  A troll (D:12)
  A hornet (D:6)
  Prince Ribbit (D:7)
  Sigmund (D:3)
  3 jumping spiders (Lair:2)
  3 wyverns
  43 yaks
  3 basilisks
  A vampire (D:9)
  3 redbacks (Lair:2)
  A steam dragon (D:9)
  8 vampire mosquitoes
  10 water moccasins
  Pargi (Sewer)
  14 orc warriors
  3 black bears
  A necrophage (D:6)
  2 ogres
  4 wolves (Lair:1)
  9 centaurs
  8 kobold brigands
  Blork the orc (D:6)
  3 wyvern zombies
  2 gnoll sergeants
  9 bullfrogs
  2 scorpions (D:6)
  A water moccasin zombie (D:6)
  8 killer bees (D:9)
  4 wights
  8 howler monkeys
  3 centaur zombies
  A bullfrog zombie (D:3)
  3 jellies
  8 orc priests
  3 hounds
  2 iguanas (D:6)
  4 orc wizards
  A hound skeleton (D:3)
  2 mummies (Ossuary)
  2 howler monkey zombies
  13 gnolls
  5 adders
  A howler monkey skeleton (D:6)
  5 shadow imps
  2 white imps
  3 ufetubi
  4 worms
  38 orcs
  13 endoplasms
  7 giant cockroaches
  6 gnoll zombies (Ossuary)
  5 goblins
  5 hobgoblins
  10 jackals
  3 quokkas
  9 ball pythons
  5 bats
  7 frilled lizards
  A goblin zombie (Ossuary)
  4 hobgoblin zombies (Ossuary)
  40 kobolds
  12 kobold skeletons (D:10)
  6 kobold zombies (D:10)
  3 orc zombies (Ossuary)
  6 rats
433 creatures vanquished.

Vanquished Creatures (others)
  16 fungi
  4 plants
  3 toadstools (D:10)
23 creatures vanquished.

Grand Total: 456 creatures vanquished

Notes
Turn   | Place    | Note
-------+----------+-------------------------------------------
     0 | D:1      | dolemite99 the Demonspawn Fighter began the quest for the
                  | Orb.
     0 | D:1      | Reached XP level 1. HP: 18/18 MP: 1/1
    20 | D:1      | Reached skill level 2 in Axes
    25 | D:1      | Gained mutation: Spells you cast may paralyse adjacent
                  | enemies. [demonic ancestry]
    25 | D:1      | Reached XP level 2. HP: 17/24 MP: 2/2
   577 | D:1      | Reached skill level 3 in Axes
  1031 | D:2      | Gained mutation: You have a somewhat thin skeletal
                  | structure. (Dex +2, Stealth+) [demonic ancestry]
  1031 | D:2      | Reached XP level 3. HP: 29/29 MP: 3/3
  1339 | D:2      | Reached XP level 4. HP: 11/35 MP: 4/4
  1340 | D:2      | Reached skill level 4 in Axes
  1886 | D:2      | Gained mutation: You regenerate a little health from kills.
                  | [demonic ancestry]
  1886 | D:2      | Reached XP level 5. HP: 41/41 MP: 5/5
  2303 | D:3      | Reached skill level 5 in Axes
  2338 | D:3      | Noticed Sigmund
  2369 | D:3      | Killed Sigmund
  2370 | D:3      | Reached skill level 6 in Axes
  2370 | D:3      | Reached XP level 6. HP: 47/47 MP: 6/6
  2429 | D:3      | Found a transporter.
  2433 | D:3      | Noticed awesomeguy42's ghost (amateur HuNe)
  2437 | D:3      | Found a faded altar of an unknown god.
  2503 | D:3      | Found an ancient bone altar of Kikubaaqudgha.
  2504 | D:3      | Found a blossoming altar of Fedhas.
  2595 | D:3      | Found a transporter.
  2708 | D:3      | Found a broken altar of Ashenzari.
  2720 | D:3      | Became a worshipper of Ashenzari the Shackled
  3923 | D:5      | Entered Level 5 of the Dungeon
  4027 | D:5      | Reached skill level 7 in Axes
  4027 | D:5      | Reached XP level 7. HP: 36/52 MP: 7/7
  4247 | D:5      | Found a glowing drain.
  4270 | Sewer    | Entered a sewer
  4273 | Sewer    | Noticed Pargi
  4281 | Sewer    | Killed Pargi
  4578 | D:6      | Reached * piety under Ashenzari
  4608 | D:6      | Reached skill level 8 in Axes
  4640 | D:6      | Noticed Blork the orc
  4647 | D:6      | Killed Blork the orc
  4702 | D:6      | Gained mutation: Spells you cast may paralyse nearby
                  | enemies. [demonic ancestry]
  4702 | D:6      | Reached XP level 8. HP: 53/60 MP: 8/8
  4726 | D:6      | Reached skill level 9 in Axes
  4832 | D:6      | Noticed a hornet
  4841 | D:6      | Killed a hornet
  4842 | D:6      | Reached skill level 10 in Axes
  5220 | D:6      | Reached XP level 9. HP: 64/65 MP: 9/9
  5306 | D:6      | Identified the ring "Dyntar" {rF- rC++ rN+++ rCorr Dex+6}
  5514 | D:7      | Identified the +5 hunting sling of Expedience {freeze, rC+}
  5522 | D:7      | Noticed a komodo dragon
  5533 | D:7      | Killed a komodo dragon
  5534 | D:7      | Reached skill level 11 in Axes
  6074 | D:7      | Reached skill level 12 in Axes
  6270 | D:7      | Noticed Prince Ribbit
  6297 | D:7      | Killed Prince Ribbit
  6362 | D:7      | Found a staircase to the Ecumenical Temple.
  6384 | Temple   | Entered the Ecumenical Temple
  6880 | D:8      | Found a staircase to the Lair.
  6884 | D:8      | Reached ** piety under Ashenzari
  6939 | D:8      | Reached skill level 13 in Axes
  6957 | D:8      | Reached skill level 1 in Evocations
  6957 | D:8      | Gained mutation: You have a moderately thin skeletal
                  | structure. (Dex +4, Stealth++) [demonic ancestry]
  6957 | D:8      | Reached XP level 10. HP: 65/71 MP: 10/10
  7028 | D:8      | Found a sand-covered staircase.
  7036 | Ossuary  | Entered an ossuary
  7220 | D:8      | Reached skill level 1 in Slings
  8134 | D:9      | Reached *** piety under Ashenzari
  8215 | D:9      | Reached skill level 5 in Slings
  8226 | D:9      | Found a sparkling altar of Nemelex Xobeh.
  8589 | D:10     | Entered Level 10 of the Dungeon
  8677 | D:10     | Noticed a two-headed ogre
  8704 | D:10     | Killed a two-headed ogre
  8885 | D:10     | Noticed a two-headed ogre
  8902 | D:10     | Killed a two-headed ogre
  9164 | D:10     | Noticed a sixfirhy
  9167 | D:10     | Noticed a rust devil
  9185 | D:10     | Noticed an orange demon
  9199 | D:10     | Reached XP level 11. HP: 75/78 MP: 11/11
  9376 | D:10     | Noticed a tengu warrior
  9405 | D:10     | Killed a tengu warrior
 10116 | D:10     | Noticed a sun demon
 10460 | D:10     | Found an ancient bone altar of Kikubaaqudgha.
 11649 | D:11     | Found a staircase to the Orcish Mines.
 12049 | D:11     | Found a runed translucent gate.
 12049 | D:11     | Found a runed translucent gate.
 12049 | D:11     | Found a runed translucent gate.
 12050 | D:11     | Noticed a white ugly thing
 12050 | D:11     | Noticed a white ugly thing
 12050 | D:11     | Noticed a white ugly thing
 12051 | D:11     | Noticed a green ugly thing
 12080 | D:11     | Noticed a five-headed hydra
 12213 | D:11     | Killed a five-headed hydra
 12214 | D:11     | Reached skill level 5 in Evocations
 12630 | D:11     | Reached skill level 1 in Dodging
 12634 | D:11     | Noticed a two-headed ogre
 12641 | D:11     | Killed a two-headed ogre
 13068 | D:12     | Reached XP level 12. HP: 60/88 MP: 12/12
 13240 | D:12     | Noticed a two-headed ogre
 13260 | D:12     | Killed a two-headed ogre
 13261 | D:12     | Reached skill level 5 in Armour
 13361 | D:12     | Noticed a two-headed ogre
 13369 | D:12     | Killed a two-headed ogre
 13370 | D:12     | Reached skill level 5 in Fighting
 13598 | D:12     | Noticed a two-headed ogre
 13605 | D:12     | Killed a two-headed ogre
 14085 | D:12     | Noticed a catoblepas
 14435 | Lair:1   | Entered Level 1 of the Lair of Beasts
 14588 | Lair:1   | Reached skill level 5 in Shields
 15145 | Lair:1   | Noticed a four-headed hydra
 15151 | Lair:1   | Killed a four-headed hydra
 15990 | Lair:2   | Noticed a five-headed hydra
 16016 | Lair:2   | Killed a five-headed hydra
 16804 | Lair:2   | Found a hole to the Spider Nest.
 17746 | Lair:2   | Gained mutation: Your touch may inflict minor irresistible
                  | damage on your foes. [demonic ancestry]
 17746 | Lair:2   | Reached XP level 13. HP: 93/93 MP: 13/13
 19319 | Lair:3   | Slain by an eight-headed hydra

Illustrated notes

Levels and vault maps discovered:
D:1:      zelgadis_glass_arrival_small, layout_basic
D:2:      cheibrodos_pilgrimage, layout_loops_ring, hangedman_decor_growths
D:3:      layout_basic, mainiacjoe_overflow_surrounded_room,
          grunt_temple_overflow_growth_and_decay, gammafunk_ghost_stat_death,
          shapermc_ecumenical_altar_starsandcircs, grunt_ministairs_15,
          uniq_sigmund
D:4:      layout_rooms, corexii_item_surrounded_by_moat,
          kennysheep_generic_room_8
D:5:      layout_basic, cheibrodos_sewer_entry_bend
D:6:      layout_gridville, minmay_starry_boxes, uniq_blork_the_orc
D:7:      layout_basic, minmay_temple_entry_large_hall, uniq_prince_ribbit1
D:8:      layout_rooms, david_lair_generic, enter_ossuary_1
D:9:      layout_cave_pools, mainiacjoe_overflow_alcove_2, serial_column_ruins,
          column_ruins_hut_ruined, column_ruins_columns_straight,
          column_ruins_open_tiny, column_ruins_columns_T,
          column_ruins_corridor_dead_end, column_ruins_open_tiny,
          column_ruins_corridor_corner
D:10:     wander_kiku_kobolds, layout_loops_ring, minmay_gold_behind_fungi,
          st_stairs_13, lightli_fourway_metalbox
D:11:     layout_loops_ring, minmay_orc_entry_temple_small, special_room
          [special_room_orc], ploomutoo_gammafunk_ghost_potion_laboratory,
          minmay_misc_feat_four_crosses
D:12:     layout_loops_corners
Temple:   dpeg_five_rooms_temple
Lair:1:   layout_regular_city, st_stairs_7
Lair:2:   layout_long_grid, nicolae_spider_entry_tight_spaces
Lair:3:   layout_small_grid, serial_bayou_pond_c, grunt_megastairs_4

Skill      XL: |  1  2  3  4  5  6  7  8  9 10 11 12 13 |
---------------+----------------------------------------+-----
Axes           | 2 3 4 6 7 8 10 13 | 13.1
Evocations     | 1 3 7 |  7.1
Slings         | 7 8 |  8.9
Armour         | 4 5 6 |  6.4
Dodging        | 2 |  2.8
Fighting       | 4 5 6 |  6.6
Shields        | 8 9 |  9.1

Action                   |  1- 3 |  4- 6 |  7- 9 | 10-12 | 13-15 || total
-------------------------+-------+-------+-------+-------+-------++-------
Melee: War axe           |    88 |     7 |       |       |       ||    95
       Hand axe          |       |   140 |   295 |   249 |    70 ||   754
 Fire: Hunting sling     |       |       |       |   733 |    33 ||   766
Throw: Stone             |    48 |       |       |       |       ||    48
       Boomerang         |       |    30 |    45 |    20 |     3 ||    98
Invok: Curse Item        |       |     1 |     3 |     1 |       ||     5
       Shatter the Chain |       |       |       |     1 |     1 ||     2
Evoke: Wand              |       |       |     5 |     6 |       ||    11
       Tin of tremorston |       |       |       |     3 |       ||     3
       Phial of floods   |       |       |       |     2 |       ||     2
  Use: Potion            |     1 |     2 |     6 |     1 |       ||    10
       Scroll            |       |     2 |     3 |     7 |       ||    12
 Stab: Invisible         |       |       |     1 |       |       ||     1
Armor: Scale mail        |    28 |       |       |       |       ||    28
       Plate armour      |    43 |   119 |   117 |   238 |    27 ||   544
       Skin              |       |       |     9 |       |       ||     9
Dodge: Dodged            |    38 |    28 |    79 |   138 |    13 ||   296
Block: Buckler           |    26 |    26 |    43 |   132 |     7 ||   234
       Kite shield       |       |       |       |       |    29 ||    29

Table legend: (Time is in decaauts)
 A = Elapsed time spent in this place.
 B = Non-inter-level travel time spent in this place.
 C = Inter-level travel time spent in this place.
 D = Time resting spent in this place.
 E = Time spent auto-exploring this place.
 F = Levels seen in this place.
 G = Mean time per level.
                   A        B        C        D        E       F      G
               +--------+--------+--------+--------+--------+-----+--------+
         Total |  19086 |  18616 |    470 |   6653 |   8068 |  18 | 1060.3 |
       Dungeon |  13758 |  13381 |    377 |   4466 |   5760 |  12 | 1146.5 |
        Temple |    289 |    259 |     30 |      0 |    248 |   1 |  289.0 |
          Lair |   4801 |   4738 |     63 |   2187 |   1918 |   3 | 1600.3 |
         Sewer |    117 |    117 |      0 |      0 |     83 |   1 |  117.0 |
       Ossuary |    118 |    118 |      0 |      0 |     58 |   1 |  118.0 |
               +--------+--------+--------+--------+--------+-----+--------+

Top non-repeatable levels by time:
    D:10: 2475 daAuts
  Lair:2: 2176 daAuts
    D:11: 1823 daAuts
     D:9: 1439 daAuts
  Lair:1: 1401 daAuts
     D:2: 1270 daAuts
  Lair:3: 1223 daAuts
     D:7: 1098 daAuts
    D:12: 1033 daAuts
     D:1: 1030 daAuts
     D:3: 989 daAuts
     D:6: 917 daAuts
     D:4: 692 daAuts
     D:5: 524 daAuts
     D:8: 464 daAuts
